 Dungeon Crawl Stone Soup version 0.31-a0-344-gd109795599 (webtiles) character file.

Game seed: 17929731705238456134

18511 arthad the Fighter (level 12, -7/113 HPs)
             Began as a Minotaur Fighter on July 21, 2023.
             Was a High Priest of Okawaru.
             Mangled by a rakshasa (illusionary)
             ... wielding a +0 trident
              (12 damage)
             ... on level 13 of the Dungeon.
             The game lasted 00:20:58 (12474 turns).

arthad the Fighter (Minotaur Fighter)              Turns: 12474, Time: 00:20:59

Health: -7/113     AC:  7    Str: 26    XL:     12   Next: 28%
Magic:  20/20      EV: 16    Int:  1    God:    Okawaru [*****.]
Gold:   1018       SH:  0    Dex: 12    Spells: 11/11 levels left

rFire   + + +        a - +1 broad axe "Zyweom" {heavy, rF+++ Stlth-}
rCold   + . .        c - +0 buckler
rNeg    . . .        M - +3 leather armour "Peunn" {rPois rC+ Stlth+}
rPois   +            (helmet restricted)
rElec   +            E - scarf {shadows}
rCorr   +            (no gloves)
SInv    .            (no boots)
Will    .....        (no amulet)
Stlth   ++           w - ring "Likingei" {rElec EV+5 Str+2}
HPRegen 0.38/turn    b - ring of Eternal Night {rPois rCorr MP+9 Int-4 Stlth+}
MPRegen 0.17/turn

%: no passive effects
@: confused, ambrosia-drunk
A: horns 2, retaliatory headbutt
a: Renounce Religion, Heroism, Finesse, Duel


You were on level 13 of the Dungeon.
You worshipped Okawaru.
Okawaru was extremely pleased with you.
You visited 2 branches of the dungeon, and saw 14 of its levels.
You also visited: Sewer and Ossuary.

You collected 1207 gold pieces.
You spent 189 gold pieces at shops.

Inventory:

Hand Weapons
 a - the +1 broad axe "Zyweom" (weapon) {heavy, rF+++ Stlth-}
   (Okawaru gifted it to you on level 13 of the Dungeon)

   rF:        It renders you almost immune to fire.
   Stlth:     It makes you less stealthy.
 r - the +8 mace of an ice cave {pain, rPois Int+3}
   (You found it on level 4 of the Dungeon)

   Int:       It affects your intelligence (+3).
   rPois:     It protects you from poison.
 y - a +2 flail of holy wrath
 B - the +12 hand axe of Exzala {freeze, rN+ Int-4 Stlth+}
   (You found it on level 6 of the Dungeon)

   Int:       It affects your intelligence (-4).
   rN:        It protects you from negative energy.
   Stlth:     It makes you more stealthy.
 P - a +2 broad axe of flaming
 T - the +6 trident of Ragnarok {pain, rCorr Str+4}
   (You found it on level 10 of the Dungeon)

   Str:       It affects your strength (+4).
   rCorr:     It protects you from acid and corrosion.
 Z - a +2 battleaxe of freezing
Missiles
 t - 7 poisoned darts (quivered)
Armour
 c - a +0 buckler (worn)
 E - a scarf of shadows (worn)
 K - a +2 leather armour of poison resistance
 M - the +3 leather armour "Peunn" (worn) {rPois rC+ Stlth+}
   (You found it on level 8 of the Dungeon)

   rC:        It protects you from cold.
   rPois:     It protects you from poison.
   Stlth:     It makes you more stealthy.
 O - a scarf of invisibility
Jewellery
 b - the ring of Eternal Night (right hand) {rPois rCorr MP+9 Int-4 Stlth+}
   (You found it on level 12 of the Dungeon)

   [ring of poison resistance]

   Int:       It affects your intelligence (-4).
   rPois:     It protects you from poison.
   MP:        It affects your magic capacity (+9).
   rCorr:     It protects you from acid and corrosion.
   Stlth:     It makes you more stealthy.
 w - the ring "Likingei" (left hand) {rElec EV+5 Str+2}
   (You found it in an ossuary)

   [ring of evasion]

   EV:        It affects your evasion (+5).
   Str:       It affects your strength (+2).
   rElec:     It insulates you from electricity.
 H - a ring of flight
 V - a +6 ring of dexterity
Wands
 u - a wand of paralysis (10)
 A - a wand of roots (3)
 D - a wand of polymorph (14)
 X - a wand of mindburst (7)
 Y - a wand of light (5)
Scrolls
 f - 5 scrolls of noise
 g - 8 scrolls of teleportation
 n - 4 scrolls of enchant armour
 o - 2 scrolls of amnesia
 q - a scroll of poison
 s - a scroll of revelation
 C - a scroll of enchant weapon
 G - 2 scrolls of vulnerability
 I - a scroll of brand weapon {unknown}
 L - a scroll of silence {unknown}
 N - a scroll of fear
 Q - a scroll of immolation {unknown}
 R - 3 scrolls of identify
 S - a scroll of torment {unknown}
 U - a scroll of summoning {unknown}
 W - 2 scrolls of blinking
Potions
 d - 3 potions of might
 e - 3 potions of haste
 h - 4 potions of mutation {unknown}
 i - 6 potions of brilliance
 k - 4 potions of attraction
 l - 3 potions of cancellation {unknown}
 m - 5 potions of curing
 p - 3 potions of resistance {unknown}
 v - 2 potions of heal wounds {unknown}
 x - 3 potions of berserk rage {unknown}
 z - 3 potions of lignification {unknown}
 J - a potion of enlightenment {unknown}


   Skills:
 * Level 12.7 Fighting
 * Level 12.4 Axes
 * Level 12.7 Armour
 + Level 0.4 Dodging
 * Level 12.7 Shields
 + Level 0.3 Invocations


You had 11 spell levels left.
You didn't know any spells.
Your spell library contained the following spells:

 Spells                   Type           Power      Damage    Failure   Level
 Necrotise                Necr           0%         1d4       65%         1
 Slow                     Hex            0%         N/A       65%         1
 Lesser Beckoning         Tloc           0%         N/A       78%         2
 Confusing Touch          Hex            0%         N/A       95%         3
 Dazzling Flash           Conj/Hex       0%         N/A       95%         3
 Gell's Gravitas          Tloc           0%         N/A       95%         3
 Teleport Other           Tloc           0%         N/A       95%         3
 Vampiric Draining        Necr           0%         2d6       95%         3
 Volatile Blastmotes      Fire/Tloc      0%         2d10      95%         3
 Lee's Rapid Deconstruct  Erth           0%         3d4*      100%        5
 Starburst                Conj/Fire      0%         6d3       100%        6
 Maxwell's Capacitive Co  Air            0%         ∞         100%        8
 Animate Armour           Summ/Erth      Unusable   N/A       N/A         4
 Summon Lightning Spire   Summ/Air       Unusable   N/A       N/A         4

Dungeon Overview and Level Annotations

Branches:
Dungeon (13/15)            Temple (1/1) D:6            Lair (0/5) D:8
    Orc (0/2) D:9           Sewer (visited)         Ossuary (visited)
 Vaults: D:13-14

Altars:
Ashenzari
Cheibriados
Dithmenos
Elyvilon
Fedhas
Gozag
Hepliaklqana
Kikubaaqudgha
Makhleb
Nemelex Xobeh
Okawaru
Qazlal
Ru
Sif Muna
Trog
Uskayaw
Vehumet
Wu Jian
Xom
Yredelemnul
Zin
The Shining One
Lugonu

Shops:
D:10 =((!*   D:11 :

Annotations:
D:8 3 runed translucent doors, packetloss's ghost, novice AtHW


Innate Abilities, Weirdness & Mutations

You have a pair of horns on your head.
You reflexively headbutt those who attack you in melee.


Message History

The rakshasa hits you with a +0 trident!
* * * LOW HITPOINT WARNING * * *
You closely miss the rakshasa. You headbutt the rakshasa!
The rakshasa is moderately wounded.
You block the rakshasa's attack.
You barely miss the rakshasa.
The rakshasa is moderately wounded.
The rakshasa completely misses you.
You miss the rakshasa.
The rakshasa is moderately wounded.
The rakshasa hits you with a +0 trident!
* * * LOW HITPOINT WARNING * * *
You closely miss the rakshasa.
The rakshasa is moderately wounded.
The rakshasa barely misses you. You furiously retaliate!
You headbutt the rakshasa! The rakshasa misses you. You furiously retaliate!
You headbutt the rakshasa!
The injured rakshasa weaves a defensive illusion!
You slash the rakshasa! Your headbutt misses the rakshasa.
The rakshasa is almost dead.
The rakshasa misses you.
You hit the rakshasa but do no damage. Your headbutt misses the rakshasa.
The rakshasa is almost dead.
The rakshasa blinks!
The rakshasa closely misses you. The rakshasa barely misses you.
You are confused.
You feel invigorated. The rakshasa barely misses you.
The rakshasa completely misses you. The rakshasa barely misses you.
The rakshasa misses you.
You feel like a meek peon again. The rakshasa gestures at you.
The lance of force misses you. The rakshasa gestures at you.
The lance of force hits you!
* * * LOW HITPOINT WARNING * * *
You are knocked back by the lance of force.
You slam into the rock wall!
* * * LOW HITPOINT WARNING * * *
The rakshasa hits you from afar with a +0 trident!
You die...

#<# #..#
..#######..#
#..........#
########.#####
#.....#
#####.#######
#RR........
#.#§#######
#####.#@##
.....R.§.§#
..####.§§§###
#..§§.§.##
#..§.....###
#....(...[..
#.....######
#....(#
#..#.##


You could see 2 rakshasas.

Vanquished Creatures
  3 two-headed ogres
  Lodul (D:13)
  A deep elf pyromancer (D:12)
  A manticore (D:13)
  2 ugly things
  2 guardian serpents (D:12)
  Joseph (D:10)
  An unseen horror (D:12)
  A komodo dragon (D:12)
  6 trolls
  A hornet (D:9)
  12 slime creatures
  A shadow (D:12)
  15 yaks
  A wraith (D:10)
  2 vampire mosquitoes (D:11)
  2 acid dragons (D:12)
  Duvessa (D:7)
  2 water moccasins
  4 orc warriors
  3 sky beasts
  2 ice beasts
  2 black bears
  A wolf (D:8)
  9 ogres (D:13)
  2 centaurs (D:10)
  2 phantoms
  A gnoll sergeant (D:8)
  11 scorpions
  5 wights (D:8)
  Dowan (D:7)
  26 killer bees
  2 electric eels (D:8)
  2 howler monkeys (D:8)
  9 jellies
  2 centaur zombies (Ossuary)
  2 human zombies (Ossuary)
  8 hounds
  3 gnoll boudas
  3 orc priests
  4 iguanas
  13 orc wizards
  6 scorpion zombies (Ossuary)
  3 sleepcaps
  A hell rat (Sewer)
  3 mummies (Ossuary)
  7 adders
  27 gnolls
  3 river rats (Sewer)
  A shadow imp (D:7)
  3 white imps
  2 ufetubi
  2 worms (D:3)
  A dart slug (D:1)
  32 orcs
  12 ball pythons
  15 endoplasms
  A giant cockroach (D:1)
  7 goblins
  2 hobgoblins (D:10)
  6 jackals
  4 quokkas
  6 bats
  A frilled lizard (D:1)
  2 gnoll zombies (Ossuary)
  2 goblin zombies (Ossuary)
  2 hobgoblin zombies (Ossuary)
  11 kobolds
  2 kobold zombies (Ossuary)
  An orc zombie (Ossuary)
  14 rats
352 creatures vanquished.

Notes
Turn   | Place    | Note
-------+----------+-------------------------------------------
     0 | D:1      | arthad the Minotaur Fighter began the quest for the Orb.
     0 | D:1      | Reached XP level 1. HP: 19/19 MP: 0/0
   173 | D:1      | Reached XP level 2. HP: 27/27 MP: 1/1
   560 | D:1      | Reached XP level 3. HP: 29/33 MP: 2/2
  1217 | D:2      | Reached XP level 4. HP: 34/40 MP: 3/3
  1489 | D:3      | Found a radiant altar of Vehumet.
  1489 | D:3      | Found an ancient bone altar of Kikubaaqudgha.
  1489 | D:3      | Found a shimmering blue altar of Sif Muna.
  1495 | D:3      | Got Kikubaaqudgha's Tractate on the Damned
  1641 | D:3      | You fall into a shaft and drop 1 floor!
  1803 | D:3      | Found a glowing drain.
  1817 | Sewer    | Entered a sewer
  1886 | Sewer    | Reached XP level 5. HP: 38/47 MP: 4/4
  2152 | D:3      | Found a broken altar of Ashenzari.
  2474 | D:4      | Identified the +8 mace of an ice cave {pain, rPois Int+3}
  2788 | D:4      | Found a white marble altar of Elyvilon.
  2788 | D:4      | Found a glowing silver altar of Zin.
  2789 | D:4      | Found a glowing golden altar of the Shining One.
  2813 | D:4      | Reached skill level 5 in Shields
  2868 | D:4      | Reached skill level 5 in Fighting
  2967 | D:4      | Found a sparkling altar of Nemelex Xobeh.
  2978 | D:4      | Reached skill level 5 in Armour
  3084 | D:5      | Entered Level 5 of the Dungeon
  3091 | D:5      | Reached XP level 6. HP: 54/56 MP: 5/5
  3363 | D:5      | Reached XP level 7. HP: 14/62 MP: 6/6
  3365 | D:5      | Reached skill level 5 in Axes
  3366 | D:5      | HP: 3/62 [gnoll/+0 halberd[a gnoll bouda] (2)]
  3526 | D:5      | Found a sand-covered staircase.
  3537 | Ossuary  | Entered an ossuary
  3981 | Ossuary  | Reached XP level 8. HP: 66/71 MP: 7/7
  4111 | Ossuary  | Identified the ring "Likingei" {rElec EV+5 Str+2}
  4879 | D:6      | Found a staircase to the Ecumenical Temple.
  4982 | Temple   | Entered the Ecumenical Temple
  4996 | Temple   | Became a worshipper of Warmaster Okawaru
  5038 | D:6      | Identified the +12 hand axe of Exzala {freeze, rN+ Int-4
                  | Stlth+}
  5181 | D:6      | Reached XP level 9. HP: 80/81 MP: 8/8
  5255 | D:6      | Found a snail-covered altar of Cheibriados.
  5340 | D:6      | Found a stormy altar of Qazlal.
  5660 | D:7      | Reached * piety under Okawaru
  6166 | D:7      | Noticed Dowan
  6168 | D:7      | Noticed Duvessa
  6174 | D:7      | Killed Duvessa
  6174 | D:7      | Killed Dowan
  6452 | D:7      | Reached ** piety under Okawaru
  6629 | D:8      | Reached XP level 10. HP: 82/91 MP: 9/9
  6697 | D:8      | Found a sacrificial altar of Ru.
  6763 | D:8      | Found a staircase to the Lair.
  6938 | D:8      | Reached *** piety under Okawaru
  7081 | D:8      | Found a runed translucent gate.
  7081 | D:8      | Found a runed translucent gate.
  7082 | D:8      | Found a runed translucent gate.
  7083 | D:8      | Noticed packetloss's ghost (novice AtHW)
  7146 | D:8      | Reached skill level 10 in Shields
  7196 | D:8      | Identified the +3 leather armour "Peunn" {rPois rC+ Stlth+}
  7206 | D:8      | Reached skill level 10 in Fighting
  7261 | D:8      | Reached skill level 10 in Armour
  7779 | D:9      | Reached **** piety under Okawaru
  7780 | D:9      | Reached skill level 10 in Axes
  8013 | D:9      | Found a staircase to the Orcish Mines.
  8110 | D:10     | Entered Level 10 of the Dungeon
  8119 | D:10     | Noticed a two-headed ogre
  8128 | D:10     | Killed a two-headed ogre
  8221 | D:10     | Found Regodoy's Jewellery Boutique.
  8264 | D:10     | Found a bloodstained altar of Trog.
  8368 | D:10     | Found Otiuzy's Antique Weapon Boutique.
  8377 | D:10     | Bought a glowing broad axe for 189 gold pieces
  8435 | D:10     | Found Hapogol's Distillery.
  8436 | D:10     | Noticed Joseph
  8440 | D:10     | Found a shimmering altar of Xom.
  8448 | D:10     | Killed Joseph
  8557 | D:10     | Found a burning altar of Makhleb.
  8557 | D:10     | Noticed a cacodemon
  8671 | D:10     | Reached ***** piety under Okawaru
  8672 | D:10     | Reached XP level 11. HP: 98/101 MP: 10/10
  8714 | D:10     | Found Oqowk's Weapon Boutique.
  8787 | D:10     | Found Nocs's General Store.
  8807 | D:10     | Identified the +6 trident of Ragnarok {pain, rCorr Str+4}
  8988 | D:11     | Found Cokhlicexa's Book Boutique.
  9081 | D:11     | Noticed a red ugly thing
  9086 | D:11     | Killed a red ugly thing
  9685 | D:11     | Identified the +1 long sword "Hoil" {speed, rF- rC+ rN+
                  | Dex+9}
  9695 | D:11     | Noticed a two-headed ogre
  9701 | D:11     | Killed a two-headed ogre
  9872 | D:12     | Noticed a red ugly thing
  9878 | D:12     | Killed a red ugly thing
 10042 | D:12     | Reached ****** piety under Okawaru
 10612 | D:12     | Noticed a deep elf pyromancer
 10625 | D:12     | Killed a deep elf pyromancer
 10625 | D:12     | Received a gift from Okawaru
 11140 | D:12     | Identified the +1 dagger of Ackyothrului {heavy, Str+5}
 11498 | D:12     | Identified the ring of Eternal Night {rPois rCorr MP+9
                  | Int-4 Stlth+}
 11544 | D:12     | Reached XP level 12. HP: 61/113 MP: 11/11
 11992 | D:13     | Noticed Lodul
 12005 | D:13     | Killed Lodul
 12005 | D:13     | Identified the +1 broad axe "Zyweom" {heavy, rF+++ Stlth-}
                  | (Okawaru gifted it to you on level 13 of the Dungeon)
 12005 | D:13     | Received a gift from Okawaru
 12297 | D:13     | Noticed a two-headed ogre
 12303 | D:13     | Killed a two-headed ogre
 12446 | D:13     | Noticed a rakshasa
 12474 | D:13     | HP: 5/113 [rock wall collision (15)]
 12474 | D:13     | Mangled by a rakshasa (illusionary)

Illustrated notes

Levels and vault maps discovered:
D:1:      dpeg_arrival_simpleton_a, layout_loops_ring, serial_rivers,
          chequers_serial_rivers_micro_c, chequers_serial_rivers_micro_c,
          chequers_serial_rivers_small_b, chequers_serial_rivers_micro_a,
          chequers_serial_rivers_room_b, chequers_serial_rivers_room_a
D:2:      layout_basic
D:3:      layout_loops_cross, grunt_temple_overflow_magic_moments,
          mainiacjoe_overflow_chevrons, cheibrodos_sewer_entry_bend
D:4:      layout_basic, good_gods_temple_1,
          mainiacjoe_overflow_concentric_impassable
D:5:      layout_cave_pools, nicolae_ossuary_entry_plus,
          minmay_fractal_squares_gapless_5
D:6:      layout_cave_pools, mainiacjoe_overflow_alcove_4,
          mainiacjoe_overflow_surrounded_room,
          minmay_temple_entry_gardened_gates, minmay_crystal_room
D:7:      lemuel_slime, layout_gridville, minmay_misc_feat_encased, uniq_duvessa
D:8:      layout_loops_cross, mainiacjoe_overflow_boulevard, erik_lair_island,
          gammafunk_ghost_ooze
D:9:      layout_loops_cross, orc_0_dummy, minmay_misc_feat_rows
D:10:     layout_roguey, trog_hazing_becter, xom_teletrap_fun,
          makhleb_altar_promises_db, serial_shops, kennysheep_mini, shop_statue,
          nicolae_diamond_shop, shop, shop, uniq_joseph
D:11:     layout_gridville, serial_shops, shop
D:12:     nrook_guardian_serpent_snake_passage, layout_loops_ring
D:13:     layout_loops_ring, serial_shops, shop, uniq_lodul
Temple:   corrupted_temple

Skill      XL: |  1  2  3  4  5  6  7  8  9 10 11 |
---------------+----------------------------------+-----
Shields        | 4 5 6 8 9 10 12 | 12.7
Fighting       | 4 5 6 7 9 10 12 | 12.7
Armour         | 4 5 6 7 9 10 12 | 12.7
Axes           | 3 4 5 7 9 10 12 | 12.4
Dodging        | |  0.4
Invocations    | |  0.3

Action                     |  1- 3 |  4- 6 |  7- 9 | 10-12 || total
---------------------------+-------+-------+-------+-------++-------
  Melee: War axe           |    81 |   149 |   193 |       ||   423
         Headbutt          |     8 |    22 |    53 |    64 ||   147
         Hand axe          |       |       |   111 |   327 ||   438
         Unarmed           |       |       |       |    13 ||    13
         Broad axe         |       |       |       |    13 ||    13
  Throw: Dart              |       |       |       |    14 ||    14
 Invoke: Heroism           |       |       |       |     2 ||     2
  Evoke: Wand              |       |       |     1 |       ||     1
    Use: Scroll            |       |    10 |       |     8 ||    18
         Potion            |       |     2 |     1 |     3 ||     6
   Stab: Paralysed         |       |       |     1 |       ||     1
         Sleeping          |       |       |       |     5 ||     5
         Distracted        |       |       |       |     1 ||     1
 Armour: Scale mail        |    41 |    68 |   115 |    11 ||   235
         Leather armour    |       |       |       |    23 ||    23
  Dodge: Dodged            |    36 |    85 |   151 |   184 ||   456
  Block: Buckler           |    20 |    41 |    67 |    86 ||   214

Table legend: (Time is in decaauts)
 A = Elapsed time spent in this place.
 B = Non-inter-level travel time spent in this place.
 C = Inter-level travel time spent in this place.
 D = Time resting spent in this place.
 E = Time spent auto-exploring this place.
 F = Levels seen in this place.
 G = Mean time per level.
                   A        B        C        D        E       F      G
               +--------+--------+--------+--------+--------+-----+--------+
         Total |  12525 |  12157 |    368 |    687 |   9342 |  16 |  782.8 |
       Dungeon |  11576 |  11234 |    342 |    687 |   8747 |  13 |  890.5 |
        Temple |     28 |      2 |     26 |      0 |      0 |   1 |   28.0 |
         Sewer |    179 |    179 |      0 |      0 |    102 |   1 |  179.0 |
       Ossuary |    741 |    741 |      0 |      0 |    492 |   1 |  741.0 |
               +--------+--------+--------+--------+--------+-----+--------+

Top non-repeatable levels by time:
    D:12: 2111 daAuts
     D:5: 1076 daAuts
     D:7: 982 daAuts
    D:11: 933 daAuts
     D:1: 898 daAuts
     D:8: 833 daAuts
     D:3: 766 daAuts
    D:10: 758 daAuts
     D:6: 745 daAuts
 Ossuary: 741 daAuts
     D:4: 708 daAuts
     D:9: 646 daAuts
     D:2: 616 daAuts
    D:13: 497 daAuts
   Sewer: 179 daAuts
